3A
LEVITTOWN BLUE DRAGONS @ YUCCA VALLEY YELLOWS
09/04/2041
 
TOP OF THE 1ST
Levittown Blue Dragons batting - Pitching for Yucca Valley Yellows : LHP Robinson Martínez
Pitching: LHP Robinson Martínez
Batting: LHB César Valtez 0-0: Called Strike
0-1: Called Strike
0-2: Ball
1-2: Ball
2-2: Foul Ball, location: 2F
2-2: Foul Ball, location: 2F
2-2: Ball
3-2: Ground out 4-3 (Groundball, 4, EV 87.5 MPH)
Batting: RHB Kent Luper 0-0: Swinging Strike
0-1: Swinging Strike
0-2: Strikes out swinging
Batting: RHB Eugene Parker 0-0: Ball
1-0: Ground out 5-3 (Groundball, 5L, EV 101.2 MPH)
Top of the 1st over - 0 runs, 0 hits, 0 errors, 0 left on base; Levittown 0 - Yucca Valley 0
BOTTOM OF THE 1ST
Yucca Valley Yellows batting - Pitching for Levittown Blue Dragons : LHP Bill Aylwin
Pitching: LHP Bill Aylwin
Batting: RHB Aaron Tuttle 0-0: SINGLE (Flyball, 7S, EV 83.1 MPH)
Batting: SHB Bill Gatacre 0-0: Ball
1-0: Grounds into double play, 6-4-3 (Groundball, 6, EV 83.1 MPH)
Batting: RHB Donnie Haggard 0-0: Foul Ball, location: 2F
0-1: Ball
1-1: Foul Ball, location: 2F
1-2: Fly out, F8 (Line Drive, 8LD, EV 96.9 MPH)
Bottom of the 1st over - 0 runs, 1 hit, 0 errors, 0 left on base; Levittown 0 - Yucca Valley 0
TOP OF THE 2ND
Levittown Blue Dragons batting - Pitching for Yucca Valley Yellows : LHP Robinson Martínez
Batting: RHB An-yi Zhou 0-0: Called Strike
0-1: Ball
1-1: Swinging Strike
1-2: Strikes out looking
Batting: RHB Frans Lissenberg 0-0: Ball
1-0: Ball
2-0: Foul Ball, location: 2F
2-1: Foul Ball, location: 2F
2-2: Fly out, F9 (Line Drive, 9, EV 85.6 MPH)
Batting: RHB Carl Bailey 0-0: Fly out, F2 (Popup, 23F, EV 83.8 MPH)
Top of the 2nd over - 0 runs, 0 hits, 0 errors, 0 left on base; Levittown 0 - Yucca Valley 0
BOTTOM OF THE 2ND
Yucca Valley Yellows batting - Pitching for Levittown Blue Dragons : LHP Bill Aylwin
Batting: RHB Alfonso Ramos 0-0: Called Strike
0-1: Called Strike
0-2: Ball
1-2: Foul Ball, location: 2F
1-2: Foul Ball, location: 2F
1-2: Strikes out swinging
Batting: LHB Jon Kelly 0-0: Ball
1-0: Ball
2-0: SINGLE (Groundball, 5D, EV 100.0 MPH)
Batting: LHB Tony San Pedro 0-0: Called Strike
0-1: Ball
Jon Kelly is caught stealing 2nd base 2-6
1-1: Ball
2-1: Ground out 4-3 (Groundball, 4, EV 83.1 MPH)
Bottom of the 2nd over - 0 runs, 1 hit, 0 errors, 0 left on base; Levittown 0 - Yucca Valley 0
TOP OF THE 3RD
Levittown Blue Dragons batting - Pitching for Yucca Valley Yellows : LHP Robinson Martínez
Batting: RHB Abednego Ashpenaz 0-0: Ball
1-0: Ball
2-0: Called Strike
2-1: Swinging Strike
2-2: Ground out 6-3 (Groundball, 6, EV 88.1 MPH)
Batting: LHB Josh Hall 0-0: Ball
1-0: Fly out, F8 (Flyball, 8RXD, EV 101.9 MPH)
Batting: RHB Aaron Attyte 0-0: Called Strike
0-1: Swinging Strike
0-2: Ball
1-2: Strikes out looking
Top of the 3rd over - 0 runs, 0 hits, 0 errors, 0 left on base; Levittown 0 - Yucca Valley 0
BOTTOM OF THE 3RD
Yucca Valley Yellows batting - Pitching for Levittown Blue Dragons : LHP Bill Aylwin
Batting: RHB John Gaudet 0-0: Called Strike
0-1: Ball
1-1: Foul Ball, location: 2F
1-2: Ball
2-2: Strikes out swinging
Batting: RHB Truman Posner 0-0: Ball
1-0: Foul Ball, location: 2F
1-1: Ball
2-1: Foul Ball, location: 2F
2-2: Foul Ball, location: 2F
2-2: Strikes out looking
Batting: RHB Denny Wolfe 0-0: Called Strike
0-1: Foul Ball, location: 2F
0-2: Ball
1-2: Strikes out swinging
Bottom of the 3rd over - 0 runs, 0 hits, 0 errors, 0 left on base; Levittown 0 - Yucca Valley 0
TOP OF THE 4TH
Levittown Blue Dragons batting - Pitching for Yucca Valley Yellows : LHP Robinson Martínez
Batting: LHB César Valtez 0-0: Ball
1-0: SINGLE (Line Drive, 78S, EV 103.1 MPH)
Batting: RHB Kent Luper 0-0: Ball
1-0: Called Strike
1-1: Foul Ball, location: 2F
1-2: Ball
Wild Pitch!
César Valtez to second
2-2: Ball
3-2: Foul Ball, location: 2F
3-2: Base on Balls
Batting: RHB Eugene Parker 0-0: Ball
1-0: Called Strike
1-1: Foul Ball, location: 2F
1-2: Ball
2-2: Ball
3-2: Strikes out swinging
Batting: RHB An-yi Zhou 0-0: Ball
César Valtez is caught stealing 3rd base 2-5
1-0: Ball
2-0: Ball
3-0: Called Strike
3-1: Fielders Choice at 2nd, 6-4 (Groundball, 56, EV 106.9 MPH)
Top of the 4th over - 0 runs, 1 hit, 0 errors, 1 left on base; Levittown 0 - Yucca Valley 0
BOTTOM OF THE 4TH
Yucca Valley Yellows batting - Pitching for Levittown Blue Dragons : LHP Bill Aylwin
Batting: RHB Aaron Tuttle 0-0: DOUBLE (Line Drive, 7LM, EV 106.9 MPH)
Batting: SHB Bill Gatacre 0-0: Called Strike
0-1: Ball
1-1: SINGLE (Groundball, 34D, EV 111.9 MPH)
Aaron Tuttle to third
Runner from 3rd tries for Home, throw by RF and OUT! 9-2
Bill Gatacre to second
Batting: RHB Donnie Haggard 0-0: Ball
1-0: Fly out, F4 (Popup, 4, EV 58.1 MPH)
Batting: RHB Alfonso Ramos 0-0: Called Strike
0-1: Foul Ball, location: 2F
0-2: Fly out, F9 (Flyball, 9D, EV 108.1 MPH)
Bottom of the 4th over - 0 runs, 2 hits, 0 errors, 1 left on base; Levittown 0 - Yucca Valley 0
TOP OF THE 5TH
Levittown Blue Dragons batting - Pitching for Yucca Valley Yellows : LHP Robinson Martínez
Batting: RHB Frans Lissenberg 0-0: Called Strike
0-1: Called Strike
0-2: Strikes out swinging
Batting: RHB Carl Bailey 0-0: Ball
1-0: Ball
2-0: Ball
3-0: Base on Balls
Batting: RHB Abednego Ashpenaz 0-0: Called Strike
0-1: Foul Ball, location: 2F
0-2: Ball
1-2: Grounds into double play, 5-4-3 (Groundball, 56, EV 99.4 MPH)
Top of the 5th over - 0 runs, 0 hits, 0 errors, 0 left on base; Levittown 0 - Yucca Valley 0
BOTTOM OF THE 5TH
Yucca Valley Yellows batting - Pitching for Levittown Blue Dragons : LHP Bill Aylwin
Batting: LHB Jon Kelly 0-0: Ball
1-0: Fly out, F8 (Flyball, 8LS, EV 93.1 MPH)
Batting: LHB Tony San Pedro 0-0: Called Strike
0-1: Ground out 4-3 (Groundball, 4, EV 101.2 MPH)
Batting: RHB John Gaudet 0-0: Called Strike
0-1: Ball
1-1: Called Strike
1-2: Reached on error, E5 (Groundball, 5L, EV 95.6 MPH)
Batting: RHB Truman Posner 0-0: Ball
1-0: Ground out 6-3 (Groundball, 6, EV 89.4 MPH)
Bottom of the 5th over - 0 runs, 0 hits, 1 error, 1 left on base; Levittown 0 - Yucca Valley 0
TOP OF THE 6TH
Levittown Blue Dragons batting - Pitching for Yucca Valley Yellows : LHP Robinson Martínez
Batting: LHB Josh Hall 0-0: Called Strike
0-1: Ball
1-1: Called Strike
1-2: Foul Ball, location: 2F
1-2: Ball
2-2: Ball
3-2: Foul Ball, location: 2F
3-2: Strikes out looking
Batting: RHB Aaron Attyte 0-0: Ball
1-0: Ball
2-0: Swinging Strike
2-1: Swinging Strike
2-2: Foul Ball, location: 2F
2-2: Strikes out swinging
Batting: LHB César Valtez 0-0: Called Strike
0-1: Hit by Pitch
Batting: RHB Kent Luper 0-0: Foul Ball, location: 2F
0-1: Ball
1-1: Ball
2-1: Foul Ball, location: 2F
2-2: Foul Ball, location: 2F
2-2: Ball
3-2: Ground out 5-3 (Groundball, 56, EV 78.1 MPH)
Top of the 6th over - 0 runs, 0 hits, 0 errors, 1 left on base; Levittown 0 - Yucca Valley 0
BOTTOM OF THE 6TH
Yucca Valley Yellows batting - Pitching for Levittown Blue Dragons : LHP Bill Aylwin
Batting: RHB Denny Wolfe 0-0: Called Strike
0-1: Ground out 4-3 (Groundball, 4, EV 91.2 MPH)
Batting: RHB Aaron Tuttle 0-0: Called Strike
0-1: Ball
1-1: Ball
2-1: DOUBLE (Flyball, 8RD, EV 93.8 MPH)
Batting: SHB Bill Gatacre 0-0: Called Strike
0-1: Ball
1-1: Ball
2-1: Foul Ball, location: 2F
2-2: Fly out, F8 (Flyball, 8RM, EV 80.6 MPH)
Batting: RHB Donnie Haggard 0-0: Ball
1-0: Foul Ball, location: 2F
1-1: SINGLE (Groundball, 34S, EV 68.8 MPH) (infield hit)
Aaron Tuttle to third
Batting: RHB Alfonso Ramos 0-0: Called Strike
0-1: Fly out, F8 (Flyball, 8LM, EV 90.6 MPH)
Bottom of the 6th over - 0 runs, 2 hits, 0 errors, 2 left on base; Levittown 0 - Yucca Valley 0
TOP OF THE 7TH
Levittown Blue Dragons batting - Pitching for Yucca Valley Yellows : LHP Robinson Martínez
Pitching: RHP Harley Hawk
Batting: RHB Eugene Parker 0-0: Ball
1-0: Called Strike
1-1: Ball
2-1: Swinging Strike
2-2: Foul Ball, location: 2F
2-2: Strikes out looking
Batting: RHB An-yi Zhou 0-0: Called Strike
0-1: Ground out 4-3 (Groundball, 4S, EV 81.9 MPH)
Batting: RHB Frans Lissenberg 0-0: Ball
1-0: Foul Ball, location: 2F
1-1: Called Strike
1-2: Strikes out looking
Top of the 7th over - 0 runs, 0 hits, 0 errors, 0 left on base; Levittown 0 - Yucca Valley 0
BOTTOM OF THE 7TH
Yucca Valley Yellows batting - Pitching for Levittown Blue Dragons : LHP Bill Aylwin
Batting: LHB Jon Kelly 0-0: Ground out 6-3 (Groundball, 6D, EV 100.0 MPH)
Batting: LHB Tony San Pedro 0-0: Ball
1-0: Called Strike
1-1: Called Strike
1-2: Strikes out looking
Batting: RHB John Gaudet 0-0: SINGLE (Line Drive, 4D, EV 102.5 MPH)
Batting: RHB Truman Posner 0-0: Called Strike
0-1: Ground out 6-3 (Groundball, 6S, EV 89.4 MPH)
Bottom of the 7th over - 0 runs, 1 hit, 0 errors, 1 left on base; Levittown 0 - Yucca Valley 0
TOP OF THE 8TH
Levittown Blue Dragons batting - Pitching for Yucca Valley Yellows : RHP Harley Hawk
Batting: RHB Carl Bailey 0-0: Called Strike
0-1: Ground out 6-3 (Groundball, 6MS, EV 87.5 MPH)
Batting: RHB Abednego Ashpenaz 0-0: Ball
1-0: Foul Ball, location: 2F
1-1: Ball
2-1: Ball
3-1: Foul Ball, location: 2F
3-2: Strikes out swinging
Batting: LHB Josh Hall 0-0: Called Strike
0-1: Ground out 5-3 (Groundball, 5, EV 100.0 MPH)
Top of the 8th over - 0 runs, 0 hits, 0 errors, 0 left on base; Levittown 0 - Yucca Valley 0
BOTTOM OF THE 8TH
Yucca Valley Yellows batting - Pitching for Levittown Blue Dragons : LHP Bill Aylwin
Batting: RHB Denny Wolfe 0-0: Ball
1-0: Foul Ball, location: 2F
1-1: Ball
2-1: Foul Ball, location: 2F
2-2: Ground out 6-3 (Groundball, 56, EV 76.9 MPH)
Batting: RHB Aaron Tuttle 0-0: Called Strike
0-1: Ball
1-1: Ball
2-1: Ball
3-1: Base on Balls
Batting: SHB Bill Gatacre 0-0: Called Strike
Aaron Tuttle steals 2nd base
0-1: Ball
1-1: Ground out 3-1 (Groundball, 34, EV 85.0 MPH)
Aaron Tuttle to third
Batting: RHB Donnie Haggard 0-0: Ball
1-0: Foul Ball, location: 2F
1-1: Ball
2-1: Foul Ball, location: 2F
2-2: Ball
3-2: Foul Ball, location: 2F
3-2: Foul Ball, location: 2F
3-2: Fly out, F8 (Flyball, 89D, EV 87.5 MPH)
Bottom of the 8th over - 0 runs, 0 hits, 0 errors, 1 left on base; Levittown 0 - Yucca Valley 0
TOP OF THE 9TH
Levittown Blue Dragons batting - Pitching for Yucca Valley Yellows : RHP Harley Hawk
Batting: RHB Aaron Attyte 0-0: Ball
1-0: DOUBLE (Flyball, 78XD, EV 95.6 MPH)
Batting: LHB César Valtez 0-0: Intentional Walk
Batting: RHB Kent Luper 0-0: Bunt - Flyout to P - DP at third! 1-3
Pinch Hitting: LHB Joshua Sanford 0-0: Intentional Walk
Batting: RHB An-yi Zhou 0-0: Called Strike
0-1: Swinging Strike
0-2: Ball
1-2: Ground out 5-3 (Groundball, 56S, EV 90.0 MPH)
Top of the 9th over - 0 runs, 1 hit, 0 errors, 2 left on base; Levittown 0 - Yucca Valley 0
BOTTOM OF THE 9TH
Yucca Valley Yellows batting - Pitching for Levittown Blue Dragons : LHP Bill Aylwin
Now at C: Bill Blair
Batting: RHB Alfonso Ramos 0-0: Ball
1-0: Foul Ball, location: 2F
1-1: Ball
2-1: Ball
3-1: Base on Balls
Pitching: RHP Shawn Adams
Batting: LHB Jon Kelly 0-0: Ball
1-0: Ball
2-0: Ball
3-0: Fly out, F7 (Flyball, 7S, EV 88.8 MPH)
Batting: LHB Tony San Pedro 0-0: Ball
1-0: Foul Ball, location: 2F
1-1: 2-RUN HOME RUN (Flyball, 8RXD, EV 105.0 MPH), Distance : 452 ft
Tuesday, January 5th, 2021 - OOTP Baseball 20.8 Build 74